 Dungeon Crawl Stone Soup version 0.29.1-2-gbd0b4ee654 (webtiles) character file.

Game seed: 10817166152711085942

4048 Sabo the Basher (level 10, -5/63 HPs)
             Began as a Gargoyle Fighter on Nov 5, 2022.
             Was an Elder of Makhleb.
             Slain by a boulder beetle (14 damage)
             ... on level 7 of the Dungeon.
             The game lasted 00:47:52 (8833 turns).

Sabo the Basher (Gargoyle Fighter)                  Turns: 8833, Time: 00:47:52

Health: -5/63      AC: 27    Str: 22    XL:     10   Next: 24%
Magic:  10/10      EV: 12    Int:  9    God:    Makhleb [****..]
Gold:   370        SH:  6    Dex: 17    Spells: 9/9 levels left

rFire   . . .      SeeInvis +   g - +7 whip "Pinowuxau" {protect, SInv}
rCold   + . .      Faith    .   c - +0 buckler
rNeg    + . .      Spirit   .   F - +0 ring mail {rC+}
rPois   ∞          Reflect  .   z - +0 helmet
rElec   +          Harm     .   (no cloak)
rCorr   .          Rampage  .   (no gloves)
Will    .....                   v - +0 pair of boots
Stlth   +.........              (no amulet)
HPRegen 0.20/turn               A - +6 ring of dexterity
MPRegen 0.12/turn               E - +4 ring of protection

@: mighty, under a protective aura
A: sickness immunity, AC +7, negative energy resistance 1, electricity
resistance, torment resistance 1, petrification resistance
a: Renounce Religion, Minor Destruction, Lesser Servant of Makhleb, Major
Destruction


You were on level 7 of the Dungeon.
You worshipped Makhleb.
Makhleb was greatly pleased with you.
You visited 1 branch of the dungeon, and saw 7 of its levels.

You collected 430 gold pieces.
You spent 60 gold pieces at shops.

Inventory:

Hand Weapons
 a - a +0 war axe
 g - the +7 whip "Pinowuxau" (weapon) {protect, SInv}
   (You found it on level 3 of the Dungeon)

   It grants its wielder temporary protection when it strikes (+7 to AC).
   SInv:      It lets you see invisible.
 m - a +2 flail of holy wrath
 w - a +0 arbalest
Missiles
 q - 4 atropa-tipped darts
 t - 5 poisoned darts (quivered)
Armour
 c - a +0 buckler (worn)
 v - a +0 pair of boots (worn)
 z - a +0 helmet (worn)
 F - a +0 ring mail of cold resistance (worn)
Jewellery
 A - a +6 ring of dexterity (left hand)
 B - a ring of resist corrosion
 E - a +4 ring of protection (right hand)
 H - an amulet of faith
Wands
 y - a wand of flame (18)
 I - a wand of polymorph (12)
Scrolls
 i - 4 scrolls of teleportation
 j - 2 scrolls of silence
 k - 2 scrolls of poison
 n - a scroll of summoning
 s - a scroll of fog
Potions
 b - a potion of ambrosia {unknown}
 e - a potion of berserk rage {unknown}
 f - a potion of resistance {unknown}
 l - a potion of haste {unknown}
 p - 4 potions of curing
 r - a potion of magic {unknown}
 u - 2 potions of invisibility
 x - a potion of brilliance {unknown}
 C - a potion of lignification {unknown}
 D - a potion of degeneration {unknown}


   Skills:
 + Level 7.2 Fighting
 + Level 2.3(5.7) Axes
 + Level 9.1(9.3) Maces & Flails
 + Level 0.2 Throwing
 + Level 8.3 Armour
 + Level 3.0 Dodging
 + Level 0.4 Stealth
 + Level 6.4 Shields


You had 9 spell levels left.
You didn't know any spells.
Your spell library contained the following spells:

 Spells                   Type           Power      Damage    Failure   Level
 Stone Arrow              Conj/Erth      0%         3d7       93%         3
 Animate Armour           Summ/Erth      0%         N/A       100%        4
 Olgreb's Toxic Radiance  Pois           0%         N/A       100%        4
 Summon Forest            Summ/Tloc      0%         N/A       100%        5
 Eringya's Noxious Bog    Tmut/Pois      0%         N/A       100%        6
 Ozocubu's Refrigeration  Ice            0%         4d7       100%        7
 Summon Hydra             Summ           0%         N/A       100%        7
 Ignition                 Fire           0%         3d3       100%        8
 Lehudib's Crystal Spear  Conj/Erth      0%         10d2      100%        8


Dungeon Overview and Level Annotations

Branches:
Dungeon (7/15)             Temple (0/1) D:4

Altars:
Fedhas
Gozag
Makhleb
Okawaru
Trog
Xom
Zin
The Shining One

Shops:
D:6 *


Innate Abilities, Weirdness & Mutations

You are immune to sickness and miasma.
Your stone body is resilient. (AC +7)
You are immune to poison.
You resist negative energy. (rN+)
You are resistant to electric shocks. (rElec)
You are resistant to unholy torment.
You are immune to petrification.


Message History

The boomerang hits you but does no damage.
Things that are here:
a +0 short sword; a +0 ring mail of fire resistance; a wyvern corpse The orc hits you but does no damage.
Things that are here:
a +0 short sword; a +0 ring mail of fire resistance; a wyvern corpse You whack the orc!
Your weapon exudes an aura of protection.
You kill the orc!
Makhleb accepts your kill.
You feel better.
You hit the boulder beetle.
The boulder beetle is lightly wounded.
You hit the boulder beetle but do no damage.
The boulder beetle is lightly wounded.
The boulder beetle bites you.
You completely miss the boulder beetle.
The boulder beetle is lightly wounded.
You block the boulder beetle's attack.
You hit the boulder beetle but do no damage.
The boulder beetle is lightly wounded.
You hit the boulder beetle.
The boulder beetle is moderately wounded.
The boulder beetle bites you!
* * * LOW HITPOINT WARNING * * *
You hit the boulder beetle.
The boulder beetle is moderately wounded.
You feel a little less mighty now.
The boulder beetle bites you but does no damage.
You feel much better.
The boulder beetle bites you but does no damage.
You feel very mighty all of a sudden. The boulder beetle bites you!
* * * LOW HITPOINT WARNING * * *
You whack the boulder beetle!
The boulder beetle is moderately wounded.
You barely miss the boulder beetle.
The boulder beetle is moderately wounded.
The boulder beetle bites you!
You die...

##.†........... ......#.........
#<......########..........###..#
#.......##................ #..##
#..........##..........### #.###
#........####........## #.
#.......####....######
#.......##....###########
#############.###........
#..@Bz# #####..# z...# .......
....#...# [.....#:#.. .......
#...# ........ ....


You could see a boulder beetle and a wight.

Vanquished Creatures
  Pikel (D:4)
  An ugly thing (D:7)
  Sigmund (D:4)
  A wyvern (D:7)
  A wraith (D:7)
  A shadow (D:7)
  Eustachio (D:4)
  A steam dragon (D:7)
  2 water moccasins
  2 orc warriors
  2 sky beasts (D:7)
  2 black bears
  An ice beast (D:6)
  3 kobold brigands (D:7)
  A gnoll sergeant (D:6)
  A necrophage (D:7)
  4 bullfrogs
  A howler monkey (D:6)
  4 hounds
  3 jellies
  An orc priest (D:4)
  A gnoll bouda (D:7)
  3 iguanas
  Ijyb (D:4)
  7 orc wizards
  Robin (D:4)
  6 adders
  11 gnolls
  A shadow imp (D:7)
  2 ufetubi
  3 worms
  2 dart slugs
  15 orcs
  6 ball pythons
  6 endoplasms
  5 giant cockroaches
  17 hobgoblins
  3 quokkas
  7 bats
  3 frilled lizards
  13 goblins
  5 kobolds
  7 rats
160 creatures vanquished.

Vanquished Creatures (others)
  An orc wizard (D:4)
1 creature vanquished.

Grand Total: 161 creatures vanquished

Notes
Turn   | Place    | Note
-------+----------+-------------------------------------------
     0 | D:1      | Sabo the Gargoyle Fighter began the quest for the Orb.
     0 | D:1      | Reached XP level 1. HP: 14/14 MP: 1/1
   645 | D:1      | Reached XP level 2. HP: 19/19 MP: 2/2
  1129 | D:1      | Found a faded altar of an unknown god.
  1345 | D:1      | Prayed at the altar of an unknown god.
  1345 | D:1      | Became a worshipper of Makhleb the Destroyer
  1345 | D:1      | Reached * piety under Makhleb
  1834 | D:2      | Reached XP level 3. HP: 20/23 MP: 3/3
  2608 | D:2      | Reached skill level 1 in Maces & Flails
  2623 | D:2      | Reached XP level 4. HP: 29/29 MP: 4/4
  2870 | D:3      | Identified the +7 whip "Pinowuxau" {protect, SInv}
  2997 | D:3      | Found an opulent altar of Gozag.
  3051 | D:3      | Reached ** piety under Makhleb
  3213 | D:3      | Reached skill level 2 in Maces & Flails
  3214 | D:3      | Reached XP level 5. HP: 28/33 MP: 5/5
  3328 | D:3      | Found a bloodstained altar of Trog.
  3651 | D:4      | Noticed Robin
  3679 | D:4      | Killed Robin
  3688 | D:4      | Reached skill level 3 in Maces & Flails
  3960 | D:4      | Noticed a black bear
  3969 | D:4      | Killed a black bear
  3970 | D:4      | Reached XP level 6. HP: 32/38 MP: 6/6
  4017 | D:4      | Noticed Sigmund
  4026 | D:4      | Killed Sigmund
  4027 | D:4      | Reached skill level 4 in Maces & Flails
  4099 | D:4      | Reached XP level 7. HP: 42/44 MP: 7/7
  4323 | D:4      | Noticed Eustachio
  4334 | D:4      | Noticed Ijyb
  4347 | D:4      | Noticed Pikel
  4365 | D:4      | Killed Ijyb
  4392 | D:4      | Killed Eustachio
  4393 | D:4      | Reached skill level 5 in Maces & Flails
  4393 | D:4      | Reached skill level 1 in Dodging
  4394 | D:4      | Killed Pikel
  4394 | D:4      | Reached *** piety under Makhleb
  4395 | D:4      | Reached skill level 5 in Fighting
  4395 | D:4      | Reached skill level 6 in Maces & Flails
  4395 | D:4      | Reached skill level 5 in Armour
  4395 | D:4      | Reached XP level 8. HP: 36/49 MP: 8/8
  5242 | D:4      | Found a staircase to the Ecumenical Temple.
  5519 | D:5      | Entered Level 5 of the Dungeon
  5977 | D:5      | Found an iron altar of Okawaru.
  6211 | D:5      | Found a blossoming altar of Fedhas.
  6226 | D:5      | Reached skill level 7 in Maces & Flails
  6226 | D:5      | Reached skill level 5 in Shields
  6704 | D:6      | Found a shimmering altar of Xom.
  6743 | D:6      | Found a shimmering altar of Xom.
  6744 | D:6      | Found a shimmering altar of Xom.
  6745 | D:6      | Found a shimmering altar of Xom.
  6746 | D:6      | Found a shimmering altar of Xom.
  6746 | D:6      | Found a shimmering altar of Xom.
  6746 | D:6      | Found a shimmering altar of Xom.
  6751 | D:6      | Found a shimmering altar of Xom.
  6797 | D:6      | Reached XP level 9. HP: 41/55 MP: 9/9
  6878 | D:6      | Found a glowing silver altar of Zin.
  7488 | D:6      | Found a glowing golden altar of the Shining One.
  7533 | D:6      | Found Etilypiabo's General Store.
  7551 | D:6      | Bought a potion of heal wounds for 60 gold pieces
  8377 | D:7      | Reached skill level 8 in Maces & Flails
  8670 | D:7      | Noticed a boulder beetle
  8673 | D:7      | Reached **** piety under Makhleb
  8685 | D:7      | Noticed a purple ugly thing
  8736 | D:7      | Killed a purple ugly thing
  8737 | D:7      | Reached XP level 10. HP: 33/61 MP: 10/10
  8801 | D:7      | Reached skill level 9 in Maces & Flails
  8833 | D:7      | Slain by a boulder beetle

Illustrated notes

Levels and vault maps discovered:
D:1:      spicycebolla_arrival_risky_transporter, layout_loops_corners,
          nicolae_ecumenical_lake_church, minmay_tripent
D:2:      layout_loops_corners, minmay_crystal_water, minmay_misc_feat_diagonals
D:3:      layout_rooms, nicolae_gozag_cash_rules_everything_around_me,
          mainiacjoe_overflow_alcove_2
D:4:      layout_loops_corners, minmay_temple_entry_from_below_a, fountainhead,
          hangedman_minor_gate_pass, uniq_sigmund, uniq_ijyb, uniq_eustachio,
          uniq_pikel, uniq_robin
D:5:      layout_rooms, mainiacjoe_overflow_six_doors_small, lemuel_tele_altar,
          supply_closet_lemuel, kennysheep_generic_room_11
D:6:      layout_basic, tso_oasis_becter, zin_scriptorium, xom_redecorated,
          nicolae_wooded_promenade, nicolae_elevator_lobby_plus
D:7:      cheibrodos_fzero, layout_rooms, lemuel_flamethrower_1

Skill      XL: |  1  2  3  4  5  6  7  8  9 10 |
---------------+-------------------------------+-----
Axes           | 2 |  2.3
Maces & Flails | 1 2 3 4 6 7 8 9 |  9.1
Shields        | 4 5 6 |  6.4
Fighting       | 4 5 6 7 |  7.2
Armour         | 4 5 6 8 |  8.3
Dodging        | 1 2 3 |  3.0
Throwing       | |  0.2
Stealth        | |  0.4

Action                   |  1- 3 |  4- 6 |  7- 9 | 10-12 || total
-------------------------+-------+-------+-------+-------++-------
Melee: War axe           |    66 |       |       |       ||    66
       Morningstar       |    41 |    23 |       |       ||    64
       Whip              |       |    95 |   416 |    78 ||   589
Throw: Dart              |       |       |     3 |       ||     3
  Use: Scroll            |       |     5 |     5 |       ||    10
       Potion            |       |       |     3 |     5 ||     8
Armor: Scale mail        |    47 |       |       |       ||    47
       Chain mail        |    28 |    94 |   292 |       ||   414
       Ring mail         |       |       |    12 |    33 ||    45
Dodge: Dodged            |    60 |    41 |   149 |    21 ||   271
Block: Buckler           |    29 |    31 |    86 |    16 ||   162
